 Dungeon Crawl Stone Soup version 0.20.1-1-g8b1a95d (webtiles) character file.

644 mikkokoo the Skirmisher (level 7, -5/61 HPs)
             Began as a Hill Orc Fighter on Oct 18, 2017.
             Was an Initiate of Gozag.
             Shot with an arrow by a centaur (7 damage)
             ... on level 6 of the Dungeon.
             The game lasted 00:19:19 (3472 turns).

mikkokoo the Skirmisher (Hill Orc Fighter)          Turns: 3472, Time: 00:19:20

Health: -5/61      AC:  8    Str: 25    XL:     7   Next: 52%
Magic:  7/7        EV:  8    Int:  8    God:    Gozag
Gold:   374        SH: 10    Dex: 11    Spells: 6/6 levels left

rFire    + . .     SeeInvis .   a - +0 rapier
rCold    . . .     Gourm    .   c - +0 shield
rNeg     . . .     Faith    .   b - +0 scale mail
rPois    .         Spirit   .   y - +0 helmet
rElec    .         Reflect  .   (no cloak)
rCorr    .         Harm     .   (no gloves)
MR       .....                  (no boots)
Stlth    ..........             (no amulet)
Regen    0.2/turn               z - ring of protection from fire (curse)
MPRegen  0.1/turn               (no ring)

@: mighty, about to teleport
A: no striking features
a: Potion Petition, Call Merchant, Bribe Branch, Renounce Religion


You were on level 6 of the Dungeon.
You worshipped Gozag.
Gozag was aware of your devotion.
You were not hungry.

You visited 1 branch of the dungeon, and saw 6 of its levels.

You collected 392 gold pieces.
You paid 18 gold pieces to Gozag.

Inventory:

Hand Weapons
 a - a +0 rapier (weapon)
 o - a +0 hunting sling
Missiles
 i - 8 silver tomahawks (quivered)
Armour
 b - a +0 scale mail (worn)
 c - a +0 shield (worn)
 y - a +0 helmet (worn)
Jewellery
 z - a cursed ring of protection from fire (left hand)
Wands
 x - a wand of polymorph (15/24)
 B - a wand of disintegration (14/24)
Scrolls
 j - 2 scrolls of noise
 k - a scroll of recharging {unknown}
 l - a scroll of enchant armour {unknown}
 q - 2 scrolls of amnesia {unknown}
 r - a scroll of random uselessness {unknown}
 s - 2 scrolls of identify
 v - 2 scrolls of remove curse {unknown}
 A - 2 scrolls of immolation
Potions
 e - 2 potions of mutation {unknown}
 h - 3 potions of resistance
 m - 2 potions of heal wounds {unknown}
 n - a potion of cancellation {unknown}
 u - a potion of lignification {unknown}
 w - 3 potions of invisibility {unknown}
Comestibles
 f - a bread ration
 g - 4 fruits
 p - 3 royal jellies


   Skills:
 + Level 5.1 Fighting
 + Level 5.0 Short Blades
 + Level 5.0 Armour
 + Level 1.7 Dodging
 + Level 0.3 Stealth
 + Level 5.0 Shields


You had 6 spell levels left.
You didn't know any spells.

Dungeon Overview and Level Annotations

Branches:
Dungeon (6/15)
 Temple: D:4-7

Altars:
Fedhas
Gozag
Hepliaklqana
Nemelex Xobeh
Qazlal

Annotations:
D:4 Pikel
D:5 Sigmund


Message History

The centaur shoots an arrow.
The arrow hits you but does no damage.
You see here an arrow.
The centaur shoots an arrow.
The arrow hits you.
The centaur shoots an arrow.
The arrow hits you!
You see here 2 arrows.
The centaur shoots an arrow.
The arrow hits you!
You see here an arrow.
The centaur shoots an arrow.
The arrow closely misses you.
The centaur shoots an arrow.
The arrow hits you!
* * * LOW HITPOINT WARNING * * *
You see here an arrow.
You feel very mighty all of a sudden.
The centaur shoots an arrow.
The arrow barely misses you.
The centaur shoots an arrow.
You block the arrow.
As you read the scroll of teleportation, it crumbles to dust.
You feel strangely unstable.
The centaur shoots an arrow.
The arrow hits you!
* * * LOW HITPOINT WARNING * * *
The centaur shoots an arrow.
The arrow hits you!
You die...
Your body crumbles into a pile of gold.

########## #........#
#........# #........#
######........#########
....>........(((.......
##......c.@(.(.......
##..<....(.###..P..āŒ
#........(# ..ā‰ˆ...
#.........# Pā‰ˆ...
....#+#+##### .P..#
..... ..+# ##... .##
...#$ .#.


You could see a centaur.

Vanquished Creatures
  2 phantoms
  An ogre (D:5)
  A centaur (D:5)
  A crimson imp (D:6)
  2 hounds (D:5)
  An orc priest (D:3)
  2 orc wizards (D:3)
  A howler monkey skeleton (D:5)
  A worker ant zombie (D:5)
  4 adders
  An adder zombie (D:5)
  A worm (D:3)
  3 dart slugs (D:1)
  A leopard gecko (D:1)
  3 orcs (D:3)
  2 ball pythons
  A giant cockroach (D:3)
  4 goblins
  6 hobgoblins
  2 quokkas
  10 bats
  2 frilled lizards
  3 kobolds
  10 rats
65 creatures vanquished.

Notes
Turn   | Place    | Note
-------+----------+-------------------------------------------
     0 | D:1      | mikkokoo the Hill Orc Fighter began the quest for the Orb.
     0 | D:1      | Reached XP level 1. HP: 19/19 MP: 1/1
   171 | D:1      | Reached XP level 2. HP: 16/27 MP: 2/2
   754 | D:1      | Reached XP level 3. HP: 31/33 MP: 3/3
  1282 | D:2      | Found an opulent altar of Gozag.
  1304 | D:2      | Became a worshipper of Gozag Ym Sagoz the Greedy
  1319 | D:2      | Found a sparkling altar of Nemelex Xobeh.
  1414 | D:3      | Found a hazy altar of Hepliaklqana.
  1596 | D:3      | Reached XP level 4. HP: 40/40 MP: 4/4
  1616 | D:3      | Reached XP level 5. HP: 46/46 MP: 5/5
  1625 | D:3      | Reached skill level 1 in Dodging
  1632 | D:3      | Found a stormy altar of Qazlal.
  1925 | D:3      | Found a blossoming altar of Fedhas.
  2354 | D:4      | Noticed a phantom
  2497 | D:4      | Killed a phantom
  2497 | D:4      | Reached XP level 6. HP: 18/53 MP: 6/6
  2581 | D:4      | Noticed Pikel
  2586 | D:4      | Noticed a slave
  2586 | D:4      | Noticed a slave
  2598 | D:5      | Entered Level 5 of the Dungeon
  2635 | D:5      | Noticed a phantom
  2706 | D:5      | Killed a phantom
  2740 | D:5      | Reached XP level 7. HP: 20/60 MP: 7/7
  2786 | D:5      | Noticed Sigmund
  2805 | D:5      | Reached skill level 5 in Fighting
  3094 | D:5      | Reached skill level 5 in Shields
  3442 | D:6      | Reached skill level 5 in Short Blades
  3442 | D:6      | Reached skill level 5 in Armour
  3471 | D:6      | HP: 2/61 [centaur/arrow (12)]
  3472 | D:6      | Shot with an arrow by a centaur

Skill      XL: |  1  2  3  4  5  6  7 |
---------------+----------------------+-----
Fighting       | 4 5 |  5.1
Short Blades   | 3 4 5 |  5.0
Armour         | 4 5 |  5.0
Dodging        | 1 |  1.7
Shields        | 4 5 |  5.0
Stealth        | |  0.3

Action                   |  1- 3 |  4- 6 |  7- 9 || total
-------------------------+-------+-------+-------++-------
Melee: Rapier            |   142 |   209 |    27 ||   378
  Use: Scroll            |     2 |     2 |     2 ||     6
       Potion            |       |     2 |     1 ||     3
  Eat: Bread ration      |     1 |     1 |       ||     2
Armor: Scale mail        |   112 |   107 |     9 ||   228
Dodge: Dodged            |    60 |    76 |    14 ||   150
Block: Shield            |   127 |   118 |    12 ||   257
